[ AOE2 MATCH · #482122004 ]
UnrankedGeorgians vs Khmer
[ REPLAY ANALYSIS · EXTRACTED FROM THE RECORDED GAME ]
Feudal
—
Castle
—
Imperial
—
| APM avg | 23.4 |
| APM peak | 30 |
| eAPM avg | 9.2 |
| Villagers / military | 14 / 0 |
Focus
⚔️ 2.9% · 🌾 97.1%
Feudal
—
Castle
—
Imperial
—
| APM avg | 14.2 |
| APM peak | 31 |
| eAPM avg | 8.5 |
| Villagers / military | 14 / 0 |
Focus
⚔️ 0.0% · 🌾 100.0%
Feudal
—
Castle
—
Imperial
—
| APM avg | 18.1 |
| APM peak | 33 |
| eAPM avg | 7.8 |
| Villagers / military | 11 / 0 |
Focus
⚔️ 0.0% · 🌾 100.0%
Feudal
—
Castle
—
Imperial
—
| APM avg | 9.9 |
| APM peak | 14 |
| eAPM avg | 7.3 |
| Villagers / military | 9 / 0 |
Focus
⚔️ 0.0% · 🌾 100.0%
Match map
Initial resources + every placement click. Lines = walls · curves = elevation contours. ◆ gold · ⬟ stone · ● berries · ✦ relic · ◌ wall gap
Your base
Nicholas's base
viko's base
Sheldor's base
Smoothed initial terrain · ◌ = detected wall gap · hover for details
Inputs per minute
— Anabella9011 - - Nicholas
Build order — Anabella9011
17 actions detected in the replay
| 0:04 | Build | House |
| 0:05 | Create | Villager (Male) ×4 |
| 0:07 | Build | House |
| 1:46 | Create | Villager (Male) |
| 1:58 | Create | Villager (Male) |
| 1:58 | Create | Villager (Male) |
| 2:39 | Create | Villager (Male) |
| 2:57 | Create | Villager (Male) |
| 2:58 | Create | Villager (Male) |
| 3:14 | Build | House |
| 3:16 | Build | House |
| 3:19 | Build | House |
| 3:20 | Build | House |
| 3:42 | Create | Villager (Male) |
| 3:42 | Create | Villager (Male) |
| 4:06 | Create | Villager (Male) |
| 4:06 | Create | Villager (Male) |
Build order — Nicholas
19 actions detected in the replay
| 0:10 | Create | Villager (Male) |
| 0:10 | Create | Villager (Male) |
| 0:11 | Create | Villager (Male) |
| 0:11 | Create | Villager (Male) |
| 0:11 | Create | Villager (Male) |
| 0:11 | Create | Villager (Male) |
| 0:22 | Build | House |
| 0:23 | Build | House |
| 0:24 | Build | House |
| 0:25 | Build | House |
| 1:30 | Create | Villager (Male) |
| 1:30 | Create | Villager (Male) |
| 2:13 | Create | Villager (Male) |
| 2:13 | Create | Villager (Male) |
| 2:36 | Build | Lumber Camp |
| 3:32 | Create | Villager (Male) |
| 3:32 | Create | Villager (Male) |
| 3:32 | Create | Villager (Male) |
| 3:33 | Create | Villager (Male) |
Build order — viko
16 actions detected in the replay
| 0:03 | Create | Villager (Male) |
| 0:03 | Create | Villager (Male) |
| 0:04 | Create | Villager (Male) |
| 0:05 | Build | House |
| 0:18 | Create | Villager (Male) |
| 0:32 | Build | House |
| 0:39 | Build | House |
| 1:30 | Create | Villager (Male) |
| 1:59 | Create | Villager (Male) |
| 2:35 | Research | Loom |
| 2:36 | Create | Villager (Male) |
| 2:54 | Create | Villager (Male) |
| 3:13 | Create | Villager (Male) |
| 3:28 | Build | Lumber Camp |
| 3:31 | Create | Villager (Male) |
| 3:48 | Create | Villager (Male) |
Build order — Sheldor
9 actions detected in the replay
| 0:05 | Create | Villager (Male) ×4 |
| 0:19 | Build | House |
| 0:23 | Build | House |
| 1:47 | Create | Villager (Male) |
| 2:08 | Build | Lumber Camp |
| 2:17 | Create | Villager (Male) |
| 2:53 | Create | Villager (Male) |
| 2:54 | Create | Villager (Male) |
| 3:25 | Create | Villager (Male) |
Match timeline
| 4:13 | Nicholas · resign |
[ AI ANALYSIS · 1 CREDIT ]
What really happened in this match?
Wolo.gg analyzes every decision: build order, eco, micro, common mistakes by bracket. Personalized analysis on WhatsApp or Discord in 30 seconds.
Civ guide
Georgians
Perfil
Jugador #4417261